 Dungeon Crawl Stone Soup version 0.19.0 (webtiles) character file.

415 PrincessPwny the Spear-Bearer (level 6, 0/51 HPs)
             Began as a Minotaur Berserker on Nov 12, 2016.
             Was a Priest of Trog.
             Slain by a shadow imp (2 damage)
             ... summoned by Eustachio
             ... on level 5 of the Dungeon.
             The game lasted 00:09:18 (4599 turns).

PrincessPwny the Spear-Bearer (Minotaur Berserker)  Turns: 4599, Time: 00:09:19

Health: 0/51       AC:  7    Str: 28      XL:     6   Next: 60%
Magic:  5/5        EV: 10    Int:  4      God:    Trog [***...]
Gold:   235        SH:  3    Dex:  5 (9)  Spells: 0 memorised, 5 levels left

rFire  . . .     SeeInvis .     a - +1 spear
rCold  . . .     Gourm    .     n - +1 scale mail
rNeg   . . .     Faith    .     r - +0 buckler
rPois  .         Spirit   .     (helmet restricted)
rElec  .         Reflect  .     (no cloak)
rCorr  .         Harm     .     (no gloves)
MR     .....                    (no boots)
Stlth  ..........               u - amulet of magic regeneration
                                (no ring)
                                e - +4 ring of strength

@: exhausted, starving, slowed, very slow
A: retaliatory headbutt, horns 2
a: Berserk, Trog's Hand, Burn Spellbooks, Renounce Religion


You were on level 5 of the Dungeon.
You worshipped Trog.
Trog was most pleased with you.
You were starving.

You visited 1 branch of the dungeon, and saw 5 of its levels.

You collected 235 gold pieces.

Inventory:

Hand Weapons
 a - a +1 spear (weapon)
Armour
 b - a +0 animal skin
 n - a +1 scale mail (worn)
 r - a +0 buckler (worn)
Jewellery
 e - a +4 ring of strength (left hand)
 f - an uncursed ring of ice
 u - an amulet of magic regeneration (around neck)
Wands
 p - a wand of paralysis (8/24)
 s - a wand of acid (10/15)
 v - a wand of random effects (48/48)
Scrolls
 g - 3 scrolls of remove curse {@r2}
 h - a scroll of teleportation
 l - 3 scrolls of magic mapping
 q - a scroll of enchant weapon
 x - 4 scrolls of amnesia
 y - a scroll of blinking
Potions
 d - 2 potions of agility {unknown}
 i - a potion of flight {unknown}
 j - 2 potions of lignification
 o - a potion of resistance {unknown}
 t - a potion of heal wounds
 z - 2 potions of might
 A - a potion of cancellation {unknown}
Comestibles
 c - 3 bread rations
 k - 3 meat rations
 m - a beef jerky
 w - a royal jelly
 B - a chunk of flesh


   Skills:
 - Level 3.6 Fighting
 * Level 8.3 Polearms
 - Level 2.4 Armour
 - Level 2.1 Dodging
 + Level 3.2 Shields


You had 5 spell levels left.
You didn't know any spells.

Dungeon Overview and Level Annotations

Branches:
Dungeon (5/15)             Temple (0/1) D:4

Altars:
Cheibriados
Elyvilon
Gozag
Makhleb
Trog
Xom

Annotations:
D:5 Eustachio


Innate Abilities, Weirdness & Mutations

You reflexively headbutt those who attack you in melee.
You have a pair of horns on your head.


Message History

Eustachio blinks!
The quokka bites you but does no damage.
The white imp hits you but does no damage.
The quokka barely misses you. The shadow imp hits you.
* * * LOW HITPOINT WARNING * * *
You are too injured to fight recklessly!
You are too injured to fight recklessly!
You hit the white imp.
The white imp is moderately wounded.
The white imp gestures at you. The puff of frost hits you!
* * * LOW HITPOINT WARNING * * *
The quokka closely misses you. The shadow imp barely misses you.
You hit the white imp but do no damage.
The white imp is moderately wounded.
The quokka closely misses you. You furiously retaliate!
You headbutt the quokka.
The white imp hits you but does no damage.
The shadow imp hits you.
You die...

... .. #####.######
#.....#....#
#.......>..#.........#
#..........#.........#
#..........+.........#
#....#.........#
#.@r.#.........#
#.55.#.........#+##
#....#.............
#....'.............
######.............
#.....>.......
#.............
#........(....
+.............


You could see a white imp, a shadow imp and a quokka.

Vanquished Creatures
  A howler monkey (D:4)
  A crimson imp (D:5)
  A centaur skeleton (D:4)
  A hound (D:4)
  4 orc wizards
  2 worker ants (D:4)
  A hound zombie (D:5)
  An adder (D:2)
  4 worms (D:2)
  2 dart slugs (D:1)
  3 leopard geckos
  9 orcs (D:4)
  3 giant cockroaches
  9 goblins
  3 hobgoblins
  6 jackals
  12 kobolds
  6 quokkas
  11 bats
  7 frilled lizards
  7 rats
94 creatures vanquished.

Notes
Turn   | Place    | Note
-------+----------+-------------------------------------------
     0 | D:1      | PrincessPwny the Minotaur Berserker began the quest for the Orb.
     0 | D:1      | Reached XP level 1. HP: 19/19 MP: 0/0
   171 | D:1      | Reached skill level 4 in Polearms
   304 | D:1      | Reached XP level 2. HP: 24/26 MP: 1/1
   636 | D:1      | Reached skill level 5 in Polearms
   932 | D:1      | Reached XP level 3. HP: 30/31 MP: 2/2
  1174 | D:2      | Found a white marble altar of Elyvilon.
  1701 | D:2      | Reached ** piety under Trog
  1862 | D:2      | Found a bloodstained altar of Trog.
  2154 | D:3      | Reached XP level 4. HP: 39/39 MP: 3/3
  2535 | D:3      | Reached skill level 6 in Polearms
  3051 | D:3      | Found a shimmering altar of Xom.
  3268 | D:4      | Reached skill level 1 in Shields
  3332 | D:4      | Found a staircase to the Ecumenical Temple.
  3369 | D:4      | Reached XP level 5. HP: 43/45 MP: 4/4
  3627 | D:4      | Reached skill level 7 in Polearms
  3872 | D:4      | Found a snail-covered altar of Cheibriados.
  3906 | D:4      | Found a burning altar of Makhleb.
  4040 | D:4      | Reached *** piety under Trog
  4040 | D:4      | Reached XP level 6. HP: 50/51 MP: 5/5
  4248 | D:5      | Entered Level 5 of the Dungeon
  4260 | D:5      | Paralysed by an orc wizard for 5 turns
  4275 | D:4      | Reached skill level 8 in Polearms
  4438 | D:5      | Paralysed by an orc wizard for 6 turns
  4450 | D:5      | Found an opulent altar of Gozag.
  4556 | D:5      | Noticed Eustachio
  4598 | D:5      | HP: 2/51 [white imp/puff of frost[Eustachio] (4)]
  4599 | D:5      | Slain by a shadow imp

Skill      XL: |  1  2  3  4  5  6 |
---------------+-------------------+-----
Polearms       | 4 5 6 7 8 |  8.3
Shields        | 1 2 3 |  3.2
Fighting       | |  3.6
Armour         | |  2.4
Dodging        | |  2.1

Action                   |  1- 3 |  4- 6 || total
-------------------------+-------+-------++-------
Melee: Spear             |    96 |   146 ||   242
       Headbutt          |    12 |    21 ||    33
Invok: Berserk           |       |     2 ||     2
  Use: Scroll            |     8 |     5 ||    13
 Stab: Sleeping          |     2 |       ||     2
  Eat: Chunk             |     3 |     8 ||    11
Armor: Animal skin       |     8 |       ||     8
       Scale mail        |     3 |    83 ||    86
Dodge: Dodged            |    31 |    93 ||   124
Block: Buckler           |       |    14 ||    14
